 Dungeon Crawl Stone Soup version 0.32-a0-128-g77eb882913 (webtiles) character file.

Game seed: 11428440949029751876

119 Ambrosia the Ducker (level 5, -2/39 HPs)
             Began as a Djinni Gladiator on Feb 7, 2024.
             Slain by an iguana (6 damage)
             ... on level 3 of the Dungeon.
             The game lasted 00:03:27 (2279 turns).

Ambrosia the Ducker (Djinni Gladiator)              Turns: 2279, Time: 00:03:27

Health: -2/39      AC:  4    Str: 13    XL:     5   Next: 24%
Gold:   115        EV: 13    Int: 11    God:
                   SH:  0    Dex: 15

rFire   + + .        a - +1 quarterstaff (heavy)
rCold   x . .        (shield currently unavailable)
rNeg    . . .        b - +0 leather armour
rPois   ∞            c - +0 helmet
rElec   .            (no cloak)
rCorr   +            (no gloves)
SInv    .            (boots unavailable)
Will    .....        (no amulet)
Stlth   +            h - ring of resist corrosion
HPRegen 0.26/turn    (no ring)
MPRegen 0.00/turn

%: infuse magic (-3 HP)
@: flying, very slightly contaminated
A: sickness immunity, fire resistance 2, cold vulnerability 1, float, innate
caster, HP casting, extra vitality 1
a: no special abilities


You were on level 3 of the Dungeon.
You visited 1 branch of the dungeon, and saw 4 of its levels.

You collected 115 gold pieces.

Inventory:

Hand Weapons
 a - a +1 heavy quarterstaff (weapon)
Missiles
 d - 3 throwing nets {=f, !d}
 e - 5 javelins
Armour
 b - a +0 leather armour (worn)
 c - a +0 helmet (worn)
 i - a +0 pair of gloves
   (You found it on level 3 of the Dungeon)
Jewellery
 h - a ring of resist corrosion (left hand)
   (You found it on level 1 of the Dungeon)
Scrolls
 g - 6 scrolls of teleportation {!r!d, @r3}
Potions
 f - 2 potions of curing {@q1, !d}
 j - a potion of brilliance


   Skills:
 + Level 2.5 Fighting
 + Level 3.0 Staves
 - Level 1.5 Throwing
 * Level 2.0 Armour
 * Level 4.1 Dodging
 * Level 1.4 Spellcasting
 * Level 1.4 Conjurations
 * Level 1.4 Hexes
   Level 0.0 Charms
 * Level 1.4 Summonings
 * Level 1.4 Necromancy
 * Level 1.4 Translocations
   Level 0.0 Transmutations
 * Level 1.4 Fire Magic
 * Level 1.4 Ice Magic
 * Level 1.4 Air Magic
 * Level 1.4 Earth Magic
 * Level 1.4 Alchemy


You knew the following spells:

 Your Spells              Type           Power      Damage    Failure   Level
a - Sandblast             Erth           6%         2d5       22%         1
b - Scorch                Fire           6%         2d5       32%         2
Your spell library was empty.

Dungeon Overview and Level Annotations

Branches:
Dungeon (4/15) Zot: 21640
 Temple: D:4-7

Altars:
Gozag

Shops:
D:1 [


Innate Abilities, Weirdness & Mutations

You are immune to sickness and miasma.
You are immune to poison.
Your flesh is very heat resistant. (rF++)
You are vulnerable to cold. (rC-)
You float through the air rather than walking.
You learn spells naturally, not from books.
Your magical power is your life essence.
You have superior vitality. (+4 MHP)


Message History

No target in view!
You see here a +0 robe.
You now have 115 gold pieces (gained 2).
Done exploring.
No target in view!
Done exploring.
No target in view!
Done exploring.
No target in view!
No target in view!
Done exploring.
There is a stone staircase leading down here.
You fly downwards.
The adder hisses angrily.
The kobold shouts!
There is a stone staircase leading up here.
Casting: Scorch (dangerous; 32% risk of failure)
Press: ? - help, Q - select action, (/) - cycle Dir - look around, f - activate
Okay, then.
Casting: Scorch (dangerous; 32% risk of failure)
Press: ? - help, Q - select action, (/) - cycle Dir - look around, f - activate You miscast Scorch.
You are very lightly contaminated with residual magic.
Nothing appears to happen.
The adder misses you.
You take 2 damage, and have 37/39 hp.
Unknown command.
Casting: Scorch (dangerous; 32% risk of failure)
Press: ? - help, Q - select action, (/) - cycle Dir - look around, f - activate Flames lash the iguana.
The iguana's fire resistance burns away.
You hear a shout!
The adder closely misses you. The iguana barely misses you.
You take 2 damage, and have 35/39 hp.
Unknown command.
Casting: Scorch (dangerous; 32% risk of failure)
Press: ? - help, Q - select action, (/) - cycle Dir - look around, f - activate You miscast Scorch.
Nothing appears to happen.
The adder barely misses you. The adder closely misses you.
A goblin comes into view. It is wielding a +0 club.
The iguana misses you.
You take 1 damage, and have 34/39 hp.
Unknown command.
The adder barely misses you. The iguana attacks as it pursues you!
The iguana bites you!
There is a stone staircase leading up here.
You take 10 damage, and have 24/39 hp.
MASSIVE DAMAGE!!
The adder misses you.
You fly upwards.
There is a stone staircase leading down here.
Unknown command.
Unknown command.
Hit: a) +1 quarterstaff (heavy)
Press: ? - help, Dir - move target, f - iguana
Aim: an iguana (moderately wounded, more vulnerable to fire, about 34% to evade your +1 heavy quarterstaff)
You closely miss the iguana.
The iguana is no longer more vulnerable to fire.
The adder bites you. The iguana barely misses you.
The adder bites you but does no damage. The iguana bites you.
The adder misses you.
You take 3 damage, and have 22/39 hp.
Hit: a) +1 quarterstaff (heavy)
Press: ? - help, Dir - move target, f/p - iguana
Aim: an iguana (moderately wounded, about 34% to evade your +1 heavy quarterstaff)
You hit the iguana but do no damage. The iguana bites you!
The adder misses you. The iguana closely misses you.
The adder completely misses you.
You take 8 damage, and have 14/39 hp.
MASSIVE DAMAGE!!
Hit: a) +1 quarterstaff (heavy)
Press: ? - help, Dir - move target, f/p - iguana
Aim: an iguana (moderately wounded, about 34% to evade your +1 heavy quarterstaff)
You closely miss the iguana. The adder misses you.
The iguana bites you but does no damage.
The adder completely misses you.
Hit: a) +1 quarterstaff (heavy)
Press: ? - help, Dir - move target, f/p - iguana
Aim: an iguana (moderately wounded, about 34% to evade your +1 heavy quarterstaff)
You barely miss the iguana. The iguana barely misses you. The adder misses you.
The iguana bites you.
* * * LOW HITPOINT WARNING * * *
The adder misses you.
You take 4 damage, and have 11/39 hp.
Casting: Scorch (dangerous; 32% risk of failure)
Press: ? - help, Q - select action, (/) - cycle Dir - look around, f - activate You miscast Scorch.
Nothing appears to happen.
* * * LOW HITPOINT WARNING * * *
The adder closely misses you.
The iguana bites you but does no damage.
You take 1 damage, and have 10/39 hp.
Unknown command.
Casting: Scorch (dangerous; 32% risk of failure)
Press: ? - help, Q - select action, (/) - cycle Dir - look around, f - activate You miscast Scorch.
Nothing appears to happen.
* * * LOW HITPOINT WARNING * * *
The adder bites you.
* * * LOW HITPOINT WARNING * * *
The iguana bites you.
You die...

##........####..
##......####...
##########...#
##############...##
#..........##...##
#..........##..##
#...........÷..#
#..........###>####
#.@S..[....###.....
#.l........#...####
#..........#.######
#.....<............
#..........#.######
############.###
##...#...##
##.....>...##
#...........##


You could see an iguana and an adder.

Vanquished Creatures
  A bombardier beetle (D:3)
  An orc wizard (D:3)
  2 ribbon worms (D:2 D:3)
  A dart slug (D:2)
  3 orcs (D:3)
  A ball python (D:1)
  5 endoplasms (D:1 D:2 D:3)
  3 giant cockroaches (D:1 D:2 D:3)
  7 goblins (D:1 D:2 D:3)
  5 hobgoblins (D:1 D:2 D:3)
  4 jackals (D:2)
  4 quokkas (D:1 D:3)
  3 bats (D:3)
  5 frilled lizards (D:1 D:3)
  2 kobolds (D:2 D:3)
  3 rats (D:1 D:3)
50 creatures vanquished.

Notes
Turn   | Place    | Note
-------+----------+-------------------------------------------
     0 | D:1      | Ambrosia the Djinni Gladiator began the quest for the Orb.
     0 | D:1      | Reached XP level 1. HP: 18/18 MP: 0/0
   167 | D:1      | Found Edutynko's Armour Emporium.
   170 | D:1      | Reached XP level 2. HP: 23/23 MP: 0/0
   740 | D:2      | Reached XP level 3. HP: 25/28 MP: 0/0
   740 | D:2      | Learned a level 1 spell: Sandblast
   798 | D:2      | Reached skill level 1 in Armour
   928 | D:2      | Found a faded altar of an unknown god.
  1323 | D:2      | Reached skill level 1 in Spellcasting
  1323 | D:2      | Reached skill level 1 in Conjurations
  1323 | D:2      | Reached skill level 1 in Hexes
  1323 | D:2      | Reached skill level 1 in Summonings
  1323 | D:2      | Reached skill level 1 in Necromancy
  1323 | D:2      | Reached skill level 1 in Translocations
  1323 | D:2      | Reached skill level 1 in Fire Magic
  1323 | D:2      | Reached skill level 1 in Ice Magic
  1323 | D:2      | Reached skill level 1 in Air Magic
  1323 | D:2      | Reached skill level 1 in Earth Magic
  1323 | D:2      | Reached skill level 1 in Alchemy
  1545 | D:3      | Reached XP level 4. HP: 30/34 MP: 0/0
  1572 | D:3      | Reached skill level 3 in Staves
  1572 | D:3      | Reached skill level 4 in Dodging
  1777 | D:3      | Reached XP level 5. HP: 25/39 MP: 0/0
  1777 | D:3      | Learned a level 2 spell: Scorch
  1961 | D:3      | Reached skill level 2 in Armour
  2019 | D:3      | Found an opulent altar of Gozag.
  2275 | D:3      | HP: 14/39 [iguana (8)]
  2279 | D:3      | HP: 4/39 [adder (4)]
  2279 | D:3      | Slain by an iguana

Illustrated notes

Levels and vault maps discovered:
D:1:      elethiomel_arrival_shortcut, layout_loops_ring, serial_shops, shop
D:2:      layout_basic, shapermc_ecumenical_altar_mp_ritualfount
D:3:      layout_rooms, mainiacjoe_overflow_24_doors, minmay_hedge_maze,
          nicolae_figureground_pulse
D:4:      layout_rooms, serial_corexii_hall, chequers_hall_statues_y,
          chequers_hall_statues_wall_a

Skill      XL: |  1  2  3  4  5 |
---------------+----------------+-----
Armour         | 1 2 |  2.0
Spellcasting   | 1 |  1.4
Conjurations   | 1 |  1.4
Hexes          | 1 |  1.4
Summonings     | 1 |  1.4
Necromancy     | 1 |  1.4
Translocations | 1 |  1.4
Fire Magic     | 1 |  1.4
Ice Magic      | 1 |  1.4
Air Magic      | 1 |  1.4
Earth Magic    | 1 |  1.4
Alchemy        | 1 |  1.4
Staves         | 3 |  3.0
Dodging        | 4 |  4.1
Fighting       | |  2.5
Throwing       | |  1.5

Action                     |  1- 3 |  4- 6 || total
---------------------------+-------+-------++-------
  Melee: Quarterstaff      |    60 |    58 ||   118
   Cast: Sandblast         |    11 |     2 ||    13
         Scorch            |       |     3 ||     3
    Use: Scroll            |     8 |       ||     8
         Potion            |       |     1 ||     1
   Stab: Distracted        |     1 |       ||     1
 Armour: Leather armour    |    43 |    43 ||    86
  Dodge: Dodged            |    54 |    55 ||   109

Table legend: (Time is in decaauts)
 A = Elapsed time spent in this place.
 B = Non-inter-level travel time spent in this place.
 C = Inter-level travel time spent in this place.
 D = Time resting spent in this place.
 E = Time spent auto-exploring this place.
 F = Levels seen in this place.
 G = Mean time per level.
                   A        B        C        D        E       F      G
               +--------+--------+--------+--------+--------+-----+--------+
         Total |   2359 |   2320 |     39 |    132 |   1740 |   4 |  589.8 |
       Dungeon |   2359 |   2320 |     39 |    132 |   1740 |   4 |  589.8 |
               +--------+--------+--------+--------+--------+-----+--------+

Top non-repeatable levels by time:
     D:3: 817 daAuts
     D:2: 809 daAuts
     D:1: 724 daAuts
     D:4: 6 daAuts

Levels and vault maps discovered:
D:1:      elethiomel_arrival_shortcut, layout_loops_ring, serial_shops, shop
D:2:      layout_basic, shapermc_ecumenical_altar_mp_ritualfount
D:3:      layout_rooms, mainiacjoe_overflow_24_doors, minmay_hedge_maze,
          nicolae_figureground_pulse
D:4:      layout_rooms, serial_corexii_hall, chequers_hall_statues_y,
          chequers_hall_statues_wall_a

Table legend: (Time is in decaauts)
 A = Elapsed time spent in this place.
 B = Non-inter-level travel time spent in this place.
 C = Inter-level travel time spent in this place.
 D = Time resting spent in this place.
 E = Time spent auto-exploring this place.
 F = Levels seen in this place.
 G = Mean time per level.
                   A        B        C        D        E       F      G
               +--------+--------+--------+--------+--------+-----+--------+
         Total |   2359 |   2320 |     39 |    132 |   1740 |   4 |  589.8 |
       Dungeon |   2359 |   2320 |     39 |    132 |   1740 |   4 |  589.8 |
               +--------+--------+--------+--------+--------+-----+--------+

Top non-repeatable levels by time:
     D:3: 817 daAuts
     D:2: 809 daAuts
     D:1: 724 daAuts
     D:4: 6 daAuts

Table legend:
 A = Kills in this place as a percentage of kills in the entire game.
 B = Kills by you in this place as a percentage of kills by you in the entire game.
 C = Kills by friends in this place as a percentage of kills by friends in the entire game.
 D = Other kills in this place as a percentage of other kills in the entire game.
 E = Experience gained in this place as a percentage of experience gained in the entire game.
 F = Experience gained in this place divided by the number of levels of this place that you have seen.
                   A       B       C       D       E      F
               +-------+-------+-------+-------+-------+----------------------
         Total | 100.0 | 100.0 |   N/A |   N/A | 100.0 |  42.8
       Dungeon | 100.0 | 100.0 |   N/A |   N/A | 100.0 |  42.8
               +-------+-------+-------+-------+-------+----------------------
